 Dungeon Crawl Stone Soup version 0.20.0-8-g6b59dc7 (webtiles) character file.

118045 Ijustatesigmund the Severer (level 16, -5/147 HPs)
             Began as a Hill Orc Fighter on June 2, 2017.
             Was the Champion of Cheibriados.
             Shot with an arrow by Vashnia (15 damage)
             ... on level 2 of the Snake Pit.
             The game lasted 01:14:56 (27842 turns).

Ijustatesigmund the Severer (Hill Orc Fighter)     Turns: 27842, Time: 01:14:57

Health: -5/147     AC: 20    Str: 41    XL:     16   Next: 75%
Magic:  25/25      EV: 23    Int: 23    God:    Cheibriados [******]
Gold:   1914       SH: 14    Dex: 35    Spells: 11/24 levels left

rFire    + + .     SeeInvis +   Z - +7 hand axe of the Battered Cities {chop, *Drain +Inv rPois SInv}
rCold    + . .     Gourm    .   c - +0 shield
rNeg     . . .     Faith    .   C - +4 ring mail {rF+}
rPois    +         Spirit   .   R - +2 hat {MR+}
rElec    .         Reflect  .   I - scarf {rC+ rF+}
rCorr    .         Harm     .   o - +2 pair of gloves
MR       +++..                  W - +2 pair of boots
Stlth    ++++......             (no amulet)
Regen    0.4/turn               O - ring of wizardry
MPRegen  0.2/turn               h - ring of protection from magic

@: mighty, agile, very slightly contaminated, invisible, very slow
A: horns 1, repulsion field 1
a: Bend Time, Temporal Distortion, Slouch, Step From Time, Renounce Religion


You were on level 2 of the Snake Pit.
You worshipped Cheibriados.
Cheibriados was exalted by your worship.
You were not hungry.

You visited 4 branches of the dungeon, and saw 24 of its levels.
You also visited: Sewer, Ossuary and Ice Cave.

You collected 1914 gold pieces.

Inventory:

Hand Weapons
 a - a +0 war axe of chopping
 A - a +1 morningstar of protection
 Z - the +7 hand axe of the Battered Cities (weapon) {chop, *Drain +Inv rPois SInv}
   (You found it on level 5 of the Lair of Beasts)

   It inflicts extra damage upon your enemies.
   It protects you from poison.
   It lets you see invisible.
   It lets you turn invisible.
   It causes draining when unequipped.
Armour
 c - a +0 shield (worn)
 o - a +2 pair of gloves (worn)
 C - a +4 ring mail of fire resistance (worn)
 I - a scarf of resistance (worn)
 R - a +2 hat of magic resistance (worn)
 W - a +2 pair of boots (worn)
Jewellery
 h - a ring of protection from magic (right hand)
 D - a +5 ring of intelligence
 H - an uncursed ring of see invisible
 K - an uncursed ring of fire
 N - an uncursed ring of ice
 O - a ring of wizardry (left hand)
Wands
 B - a wand of scattershot (4/9)
 G - a wand of enslavement (17/24)
 J - a wand of iceblast (10/15)
 Q - a wand of acid (9/15)
 T - a wand of polymorph (10/24)
 U - a wand of clouds (5/9)
Scrolls
 g - 3 scrolls of fog
 l - 2 scrolls of enchant armour
 n - 6 scrolls of teleportation
 p - 3 scrolls of blinking
 q - 2 scrolls of magic mapping
 s - 3 scrolls of identify
 t - 12 scrolls of remove curse
 v - 2 scrolls of immolation
 w - 3 scrolls of summoning
 y - 5 scrolls of enchant weapon
 z - 2 scrolls of recharging
 F - 2 scrolls of fear
Potions
 b - 2 potions of agility
 e - 2 potions of cancellation
 i - 3 potions of mutation
 j - 8 potions of curing
 k - 9 potions of flight
 m - 3 potions of magic
Books
 L - a book of Enchantments

   Spells                             Type                      Level
   a - Cause Fear                     Hexes                        4
   b - Yara's Violent Unravelling     Hexes/Transmutation          5
   c - Silence                        Hexes/Air                    5
   d - Deflect Missiles               Charms/Air                   6
   e - Discord                        Hexes                        8
Miscellaneous
 x - 2 sacks of spiders
 X - a phantom mirror
Comestibles
 f - 12 bread rations
 r - 11 meat rations
 u - 3 royal jellies
 V - 19 fruits


   Skills:
 - Level 14.9 Fighting
 - Level 16.0 Axes
 - Level 10.6 Armour
 - Level 6.1 Dodging
 - Level 3.0 Stealth
 - Level 3.2 Shields
 - Level 4.9 Spellcasting
 - Level 8.5 Conjurations
 - Level 6.9 Translocations
 - Level 6.1 Transmutations
 - Level 3.9 Fire Magic
 - Level 4.6 Air Magic
 - Level 5.7 Poison Magic
 + Level 12.5 Invocations
 + Level 2.0 Evocations


You had 11 spell levels left.
You knew the following spells:

 Your Spells              Type           Power        Failure   Level  Hunger
a - Magic Dart            Conj           ####         1%          1    None
b - Blink                 Tloc           N/A          1%          2    None
c - Conjure Flame         Conj/Fire      ####....     4%          3    ##.....
d - Apportation           Tloc           #####.       1%          1    None
e - Mephitic Cloud        Conj/Pois/Air  ####....     4%          3    ##.....
f - Ignite Poison         Fire/Tmut/Pois ####....     8%          3    ##.....


Dungeon Overview and Level Annotations

Branches:
Dungeon (15/15)            Temple (1/1) D:4            Lair (6/6) D:10
  Swamp (0/4) Lair:3        Snake (2/4) Lair:2        Slime (0/5) Lair:5
    Orc (0/2) D:9          Vaults (0/5) D:13
 Depths: D:15

Altars:
Ashenzari
Cheibriados
Dithmenos
Elyvilon
Fedhas
Gozag
Hepliaklqana
Kikubaaqudgha
Makhleb
Nemelex Xobeh
Okawaru
Qazlal
Ru
Sif Muna
Trog
Uskayaw
Vehumet
Xom
Yredelemnul
Zin
The Shining One
Beogh
Jiyva
Lugonu

Shops:
D:7 (   D:9 %   D:10 %   Snake:1 (

Annotations:
D:15 4thArraOfDagon's ghost, journeyman BaFi
Lair:2 exclusion: oklob plant
Snake:2 Vashnia


Innate Abilities, Weirdness & Mutations

You have a pair of small horns on your head.
You are surrounded by a mild repulsion field. (EV +2)


Message History

You feel agile all of a sudden.
You fade into invisibility!
You are very lightly contaminated with residual magic.
You feel very mighty all of a sudden.
You start resting.
You are too injured to fight recklessly!
You are too injured to fight recklessly!
You are too injured to fight recklessly!
The naga sharpshooter shouts!
Vashnia shoots an arrow.
The arrow hits you!!
* * * LOW HITPOINT WARNING * * *
The naga sharpshooter spits poison at you.
The splash of poison misses you.
The naga sharpshooter mumbles some strange words.
The naga sharpshooter magically shoots a bolt.
The bolt hits you!
* * * LOW HITPOINT WARNING * * *
Vashnia mumbles some strange words.
Vashnia magically shoots an arrow.
The arrow hits you!
You die...

..#....##....##.#.##.......#
..##...#.....#.....#.......#
...#...#.....##..[.'>......#
...#####.....#.....#.......#
.............#+....#.......##
....####'#....#....#........#
..#+#....#...##...##.......##
..+......##..#....#........#
..##......#..#..@N#........##
...#.....##..##.#N#.........#
...#.#..##....###N#.........#
...####+#........(N........##
.................(........##
..#####.......###..........##
### ##.....#+.####........#
#.....#.....'.......##
##....##...##......##


You could see Vashnia and 3 naga sharpshooters.

Vanquished Creatures
  Rupert (Lair:5)
  Kirke (D:12)
  A frost giant (IceCv)
  A nagaraja (Snake:1)
  Nessos (D:14)
  The ghost of 4thArraOfDagon the Fencer, a journeyman BaFi of Cheibriados (D:13)
  Josephine (Lair:4)
  A catoblepas (D:14)
  A vault guard (D:13)
  7 naga warriors
  6 hydras
  2 centaur warriors
  6 anacondas
  2 two-headed ogres (D:12)
  2 death yaks (IceCv)
  A shock serpent (Snake:1)
  A naga sharpshooter (Snake:1)
  An unseen horror (D:13)
  A lindwurm (Lair:5)
  3 wizards (D:13)
  A necromancer (D:13)
  An orc knight (D:15)
  7 mana vipers
  2 manticores
  3 deep elf magi
  6 ugly things
  4 cyclopes
  10 elephants
  Joseph (D:7)
  14 black mambas
  9 naga magi
  A gargoyle (D:13)
  A torpor snail (Lair:5)
  23 spiny frogs
  A rime drake (Lair:6)
  2 kobold demonologists (D:14)
  2 ice devils (Lair:5)
  7 komodo dragons
  3 freezing wraiths
  3 meliai (D:13)
  8 trolls
  7 dream sheep (Lair:6)
  A snapping turtle (shapeshifter) (D:13)
  16 polar bears
  34 blink frogs
  4 tyrant leeches (Lair:6)
  4 hornets
  11 hippogriffs
  5 slime creatures (D:12)
  3 shadows
  A vampire (D:13)
  13 spriggans
  19 humans (D:13)
  63 yaks
  3 hogs (D:12)
  4 wraiths (Lair:4)
  4 wyverns
  Eustachio (D:5)
  13 vampire mosquitoes
  A hungry ghost (D:13)
  4 basilisks
  A soldier ant (D:13)
  A warg (D:15)
  19 nagas
  Edmund (D:5)
  21 water moccasins
  10 porcupines
  12 orc warriors
  An eye of draining (D:12)
  A hornet zombie (D:11)
  A necrophage (D:12)
  2 ice beasts
  4 sky beasts
  2 black bears
  5 phantoms
  3 boggarts (Lair:5)
  7 ogres
  7 centaurs
  20 wolves
  11 crocodiles
  Blork the orc (D:6)
  6 big kobolds
  34 bullfrogs
  A water moccasin zombie (D:9)
  3 scorpions
  10 killer bees
  15 wights
  4 electric eels
  4 howler monkeys
  5 crimson imps
  A lava snake (Lair:6)
  5 bullfrog zombies
  4 centaur zombies
  3 centaur skeletons
  8 hounds
  4 jellies
  13 orc priests
  Crazy Yiuf (D:5)
  3 bullfrog skeletons
  2 iguanas
  17 worker ants
  15 orc wizards
  4 big kobold zombies (Ossuary)
  2 hound zombies (D:5)
  2 mummies
  2 hound skeletons
  A worker ant zombie (D:6)
  11 gnolls
  14 adders
  5 river rats
  4 shadow imps
  An adder skeleton (D:5)
  A worm (D:5)
  4 dart slugs
  5 leopard geckos
  69 orcs
  3 spectral bats (Ossuary)
  7 giant cockroaches
  3 goblins
  9 hobgoblins
  3 jackals (D:10)
  32 kobolds
  6 quokkas
  14 ball pythons
  2 bats (D:1)
  2 bat simulacra (Ossuary)
  5 frilled lizards
  8 gnoll zombies (Ossuary)
  4 goblin simulacra (Ossuary)
  7 goblin zombies
  4 hobgoblin zombies
  3 kobold simulacra (Ossuary)
  4 kobold zombies (Ossuary)
  A leopard gecko zombie (D:6)
  5 orc zombies (Ossuary)
  27 rats
  4 rat simulacra (Ossuary)
  3 spectral goblins (Ossuary)
  3 spectral kobolds (Ossuary)
  3 spectral rats (Ossuary)
  A fire vortex (Lair:6)
  8 fungi
  5 plants
950 creatures vanquished.

Vanquished Creatures (others)
  A polar bear (IceCv)
  A human (D:12)
  An orc (D:12)
  16 fungi
  37 plants
56 creatures vanquished.

Grand Total: 1006 creatures vanquished

Notes
Turn   | Place    | Note
-------+----------+-------------------------------------------
     0 | D:1      | Ijustatesigmund the Hill Orc Fighter began the quest for the Orb.
     0 | D:1      | Reached XP level 1. HP: 19/19 MP: 1/1
    11 | D:1      | Reached skill level 3 in Axes
   273 | D:1      | Reached XP level 2. HP: 17/27 MP: 2/2
   700 | D:2      | Reached skill level 4 in Axes
   825 | D:2      | Reached XP level 3. HP: 5/33 MP: 3/3
  1526 | D:3      | Reached skill level 5 in Axes
  1526 | D:3      | Reached XP level 4. HP: 5/41 MP: 4/4
  1917 | D:3      | Found a sparkling altar of Nemelex Xobeh.
  1938 | D:3      | Found a white marble altar of Elyvilon.
  2031 | D:3      | You fall through a shaft for 2 floors!
  2031 | D:5      | Entered Level 5 of the Dungeon
  2042 | D:5      | Reached XP level 5. HP: 30/47 MP: 5/5
  2073 | D:5      | Reached skill level 5 in Fighting
  2107 | D:5      | Noticed Edmund
  2120 | D:5      | Killed Edmund
  2120 | D:5      | Reached skill level 6 in Axes
  2120 | D:5      | Reached XP level 6. HP: 30/56 MP: 6/6
  2248 | D:5      | Found a sand-covered staircase.
  2252 | D:5      | Reached skill level 7 in Axes
  2273 | Ossuary  | Entered an ossuary
  2575 | Ossuary  | Gained mutation: You possess an exceptional clarity of mind. [potion of mutation]
  2575 | Ossuary  | Gained mutation: Your spells are a little easier to cast, but a little less powerful. [potion of mutation]
  2575 | Ossuary  | Gained mutation: You are dopey. (Int -2) [potion of mutation]
  2575 | Ossuary  | Gained mutation: Your muscles are strong. (Str +2) [potion of mutation]
  2986 | D:5      | Reached XP level 7. HP: 63/63 MP: 7/7
  3086 | D:3      | Reached skill level 1 in Dodging
  3589 | D:4      | Found a staircase to the Ecumenical Temple.
  3631 | Temple   | Entered the Ecumenical Temple
  3714 | Temple   | Became a worshipper of Cheibriados the Contemplative
  3759 | D:4      | Reached skill level 8 in Axes
  3869 | D:4      | HP: 1/64 [ogre/giant spiked club (24)]
  3870 | D:4      | Reached XP level 8. HP: 2/71 MP: 8/8
  4519 | D:5      | Reached skill level 1 in Invocations
  4621 | D:5      | Reached * piety under Cheibriados
  4633 | D:5      | Reached skill level 5 in Invocations
  4657 | D:5      | Noticed Eustachio
  4699 | D:5      | Killed Eustachio
  4762 | D:5      | Found a shadowy altar of Dithmenos.
  5072 | D:5      | Found a runed door.
  5076 | D:5      | Noticed Crazy Yiuf
  5083 | D:5      | Killed Crazy Yiuf
  5174 | D:6      | Noticed Blork the orc
  5307 | D:6      | Killed Blork the orc
  5307 | D:6      | Reached XP level 9. HP: 64/78 MP: 15/15
  5431 | D:6      | Found a glowing drain.
  5447 | D:6      | Reached skill level 10 in Invocations
  5449 | Sewer    | Entered a sewer
  5792 | Sewer    | Reached ** piety under Cheibriados
  5965 | Sewer    | Reached *** piety under Cheibriados
  6399 | D:6      | Reached skill level 9 in Axes
  6421 | D:6      | Found a bloodstained altar of Trog.
  6422 | D:6      | Found an ancient bone altar of Kikubaaqudgha.
  6423 | D:6      | Found a glowing silver altar of Zin.
  6424 | D:6      | Found a sacrificial altar of Ru.
  6424 | D:6      | Found a shattered altar of Ashenzari.
  6424 | D:6      | Found a radiant altar of Vehumet.
  6440 | D:6      | Found a deep blue altar of Sif Muna.
  6726 | D:6      | Reached **** piety under Cheibriados
  6985 | D:6      | Reached skill level 10 in Axes
  7166 | D:7      | Found Urih's Weapon Boutique.
  7219 | D:7      | Lost mutation: Your spells are a little easier to cast, but a little less powerful. [potion of mutation]
  7219 | D:7      | Lost mutation: Your muscles are strong. (Str +2) [potion of mutation]
  7219 | D:7      | Lost mutation: You are dopey. (Int -2) [potion of mutation]
  7219 | D:7      | Lost mutation: You possess an exceptional clarity of mind. [potion of mutation]
  7219 | D:7      | Gained mutation: You have a pair of small horns on your head. [potion of mutation]
  7219 | D:7      | Gained mutation: You are surrounded by a mild repulsion field. (EV +2) [potion of mutation]
  7316 | D:7      | Noticed Joseph
  7337 | D:7      | Killed Joseph
  7337 | D:7      | Reached XP level 10. HP: 71/91 MP: 17/17
  7614 | D:8      | Noticed a five-headed hydra
  7628 | D:8      | Killed a five-headed hydra
  7628 | D:8      | Reached skill level 10 in Fighting
  7628 | D:8      | Reached skill level 11 in Axes
  8129 | D:8      | Found an opulent altar of Gozag.
  8172 | D:8      | Reached ***** piety under Cheibriados
  8199 | D:8      | Identified a scroll of acquirement
  8602 | D:8      | Reached skill level 12 in Axes
  8801 | D:9      | Found a staircase to the Orcish Mines.
  8922 | D:9      | Found Rebryl's Food Emporium.
  8987 | D:9      | Found a glowing golden altar of the Shining One.
  9185 | D:9      | Found a basalt altar of Yredelemnul.
  9313 | D:9      | Noticed an angel
  9351 | D:10     | Entered Level 10 of the Dungeon
  9405 | D:10     | Reached XP level 11. HP: 88/102 MP: 18/18
  9454 | D:10     | Found a staircase to the Lair.
  9469 | D:10     | Noticed a manticore
  9480 | D:10     | Killed a manticore
  9480 | D:10     | Reached skill level 13 in Axes
  9896 | D:10     | Found a shimmering altar of Xom.
  9927 | D:10     | Learned a level 1 spell: Magic Dart
  9930 | D:10     | Learned a level 2 spell: Blink
  9995 | D:10     | Reached skill level 1 in Conjurations
 10000 | D:10     | Reached skill level 1 in Translocations
 10166 | D:10     | Found Xyn Ytz's Food Shop.
 10279 | D:11     | Noticed a cyan ugly thing
 10291 | D:11     | Killed a cyan ugly thing
 10344 | D:11     | Reached ****** piety under Cheibriados
 10378 | D:11     | Noticed a green ugly thing
 10393 | D:11     | Killed a green ugly thing
 10918 | D:12     | Noticed a red ugly thing
 11127 | D:12     | Noticed Kirke
 11139 | D:12     | Reached skill level 5 in Conjurations
 11142 | D:12     | Killed Kirke
 11142 | D:12     | Reached skill level 5 in Translocations
 11198 | D:12     | Reached XP level 12. HP: 65/112 MP: 19/19
 11336 | D:12     | Found a roughly hewn altar of Beogh.
 11466 | D:12     | Noticed a two-headed ogre
 11474 | D:12     | Killed a two-headed ogre
 11664 | D:12     | Noticed a two-headed ogre
 11672 | D:12     | Killed a two-headed ogre
 11986 | D:12     | Reached skill level 1 in Stealth
 12794 | D:13     | Noticed a centaur warrior
 12803 | D:13     | Killed a centaur warrior
 12809 | D:13     | Reached skill level 1 in Spellcasting
 13185 | D:13     | Noticed 4thArraOfDagon's ghost (journeyman BaFi)
 13203 | D:13     | Killed 4thArraOfDagon's ghost
 13436 | D:13     | Reached XP level 13. HP: 107/118 MP: 20/20
 13863 | D:13     | Noticed a vault guard
 13879 | D:13     | Killed a vault guard
 13880 | D:13     | Reached skill level 14 in Axes
 14260 | D:13     | Found a gate to the Vaults.
 14610 | D:14     | Noticed Nessos
 14620 | D:14     | Killed Nessos
 14951 | D:14     | Reached skill level 5 in Dodging
 15512 | D:15     | Entered Level 15 of the Dungeon
 15602 | D:15     | Reached XP level 14. HP: 31/129 MP: 15/21
 15907 | D:15     | Noticed 4thArraOfDagon's ghost (journeyman BaFi)
 16149 | D:15     | Reached skill level 15 in Axes
 16422 | Lair:1   | Entered Level 1 of the Lair of Beasts
 17397 | Lair:2   | Found a staircase to the Snake Pit.
 17910 | Lair:2   | Learned a level 3 spell: Conjure Flame
 18290 | Lair:2   | Reached skill level 1 in Fire Magic
 18970 | Lair:3   | Found a staircase to the Swamp.
 19289 | Lair:3   | Reached skill level 16 in Axes
 19470 | Lair:1   | Learned a level 1 spell: Apportation
 19474 | Lair:1   | Learned a level 3 spell: Mephitic Cloud
 19656 | Lair:3   | Reached skill level 1 in Poison Magic
 20035 | Lair:4   | Reached XP level 15. HP: 103/139 MP: 24/24
 20578 | Lair:4   | Noticed Josephine
 20598 | Lair:4   | Killed Josephine
 20739 | Lair:5   | Found a frozen archway.
 20739 | Lair:5   | Noticed Rupert
 20762 | Lair:5   | Killed Rupert
 20762 | Lair:5   | Reached skill level 1 in Air Magic
 20772 | IceCv    | Entered an ice cave
 21291 | IceCv    | Noticed a frost giant
 21318 | IceCv    | Killed a frost giant
 21318 | IceCv    | Reached skill level 5 in Poison Magic
 21639 | Lair:5   | Found a viscous altar of Jiyva.
 21640 | Lair:5   | Got a smoking hand axe
 21641 | Lair:5   | Identified the +7 hand axe of the Battered Cities {chop, *Drain +Inv rPois SInv} (You found it on level 5 of the Lair of Beasts)
 21642 | Lair:5   | Found a staircase to the Slime Pits.
 22062 | Lair:5   | Reached skill level 5 in Armour
 22743 | Lair:6   | Entered Level 6 of the Lair of Beasts
 23214 | Lair:6   | Reached XP level 16. HP: 138/147 MP: 25/25
 23769 | Lair:6   | Reached skill level 10 in Armour
 24369 | Lair:1   | Learned a level 3 spell: Ignite Poison
 24642 | Snake:1  | Entered Level 1 of the Snake Pit
 24717 | Snake:1  | Reached skill level 1 in Transmutations
 25123 | Snake:1  | Found Raovu's Weapon Emporium.
 26359 | Snake:1  | Noticed a nagaraja
 26386 | Snake:1  | Killed a nagaraja
 26877 | Snake:1  | Reached skill level 5 in Transmutations
 27696 | Snake:2  | Reached skill level 1 in Evocations
 27719 | Snake:2  | Noticed Vashnia
 27833 | Snake:2  | HP: 2/147 [Vashnia/arrow (9)]
 27842 | Snake:2  | Shot with an arrow by Vashnia

Skill      XL: |  1  2  3  4  5  6  7  8  9 10 11 12 13 14 15 16 |
---------------+-------------------------------------------------+-----
Axes           | 3 4 5 6 7 8 10 12 13 14 16 | 16.0
Fighting       | 4 5 6 9 11 12 13 14 | 14.9
Dodging        | 2 3 5 6 |  6.1
Armour         | 4 9 10 | 10.6
Invocations    | 8 10 12 | 12.5
Conjurations   | 6 8 |  8.5
Translocations | 5 6 |  6.9
Stealth        | 3 |  3.0
Spellcasting   | 1 4 |  4.9
Fire Magic     | 3 |  3.9
Poison Magic   | 2 5 |  5.7
Air Magic      | 4 |  4.6
Transmutations | 6 |  6.1
Evocations     | 2 |  2.0
Shields        | |  3.2

Action                   |  1- 3 |  4- 6 |  7- 9 | 10-12 | 13-15 | 16-18 || total
-------------------------+-------+-------+-------+-------+-------+-------++-------
Melee: War axe           |   151 |   233 |   460 |   541 |   956 |   119 ||  2460
       Headbutt          |       |       |     5 |   189 |   419 |   143 ||   756
       Morningstar       |       |       |       |    10 |    31 |       ||    41
       Hand axe          |       |       |       |       |   139 |   309 ||   448
 Cast: Magic Dart        |       |       |       |    14 |    69 |     7 ||    90
       Blink             |       |       |       |     1 |     1 |       ||     2
Invok: Bend Time         |       |       |     2 |     4 |     7 |       ||    13
       Slouch            |       |       |       |     3 |     4 |     1 ||     8
  Use: Potion            |     4 |     1 |     5 |     4 |     1 |     5 ||    20
       Scroll            |     6 |     5 |     5 |     6 |    21 |     4 ||    47
 Stab: Sleeping          |       |       |       |     4 |     8 |     3 ||    15
       Distracted        |       |       |       |       |     4 |     3 ||     7
  Eat: Chunk             |     2 |     3 |     4 |    11 |     7 |     1 ||    28
       Bread ration      |       |     1 |       |       |       |       ||     1
       Royal jelly       |       |       |     2 |     1 |     7 |     4 ||    14
Armor: Scale mail        |    65 |       |       |       |       |       ||    65
       Chain mail        |       |    84 |   203 |       |       |       ||   287
       Ring mail         |       |       |       |   138 |   327 |    85 ||   550
Dodge: Dodged            |    55 |    36 |   134 |   225 |   570 |   212 ||  1232
Block: Shield            |    81 |    85 |   252 |   345 |   727 |   233 ||  1723
